 Dungeon Crawl Stone Soup version 0.24.1-14-gf8d2b509d9 (webtiles) character file.

Game seed: 2504166347959143229, levelgen mode: deterministic

23 NinjaNoafa the Charmwright (level 3, 24/24 HPs)
             Began as a Halfling Skald on Aug 23, 2022.
             Quit the game on level 2 of the Dungeon.
             The game lasted 00:04:19 (3383 turns).

NinjaNoafa the Charmwright (Halfling Skald)         Turns: 3383, Time: 00:04:20

Health: 24/24      AC:  3    Str: 12    XL:     3   Next: 12%
Magic:  4/5        EV: 14    Int: 11    God:
Gold:   78         SH:  0    Dex: 14    Spells: 4/5 levels left

rFire    . . .     SeeInvis .   a - +0 short sword
rCold    . . .     Gourm    .   (shield restricted)
rNeg     . . .     Faith    .   b - +0 leather armour
rPois    .         Spirit   .   (no helmet)
rElec    .         Reflect  .   (no cloak)
rCorr    .         Harm     .   (no gloves)
MR       .....                  (no boots)
Stlth    +.........             g - amulet of regeneration
HPRegen  0.48/turn              (no ring)
MPRegen  0.09/turn              (no ring)

@: no status effects
A: small, mutation resistance 1
a: no special abilities


You were on level 2 of the Dungeon.
You were hungry.

You visited 1 branch of the dungeon, and saw 2 of its levels.

You collected 78 gold pieces.

Inventory:

Hand Weapons
 a - a +0 short sword (weapon)
Missiles
 h - 13 stones (quivered)
Armour
 b - a +0 leather armour (worn)
Jewellery
 g - an amulet of regeneration (around neck)
Scrolls
 f - 2 scrolls of identify
 i - a scroll of magic mapping
Potions
 c - a potion of curing
 e - a potion of flight


   Skills:
 - Level 1.7 Fighting
 - Level 2.4 Short Blades
 - Level 1.1 Armour
 - Level 2.1 Dodging
 - Level 1.5 Spellcasting
 + Level 4.5 Charms


You had 4 spell levels left.
You knew the following spells:

 Your Spells              Type           Power        Failure   Level  Hunger
a - Infusion              Chrm           ##..         6%          1    ##.....

Your spell library contained the following spells:

 Spells                   Type           Power        Failure   Level  Hunger
 Song of Slaying          Chrm           ##......     10%         2    ###....
 Shroud of Golubria       Chrm/Tloc      #.....       24%         2    ###....
 Regeneration             Chrm/Necr      #.........   43%         3    ####...
 Spectral Weapon          Hex/Chrm       #.......     43%         3    ####...


Dungeon Overview and Level Annotations

Branches:
Dungeon (2/15)

Altars:


Innate Abilities, Weirdness & Mutations

You are small and have problems with some larger weapons.
You are somewhat resistant to further mutation.


Message History

The bat hits you but does no damage. The bat hits you but does no damage.
Okay, then.
Unknown command.
The bat barely misses you. The bat hits you but does no damage.
The bat closely misses you.
You are no longer magically infusing your attacks.
The bat misses you.
Found an escape hatch in the floor.
The bat completely misses you. The bat hits you but does no damage.
The bat barely misses you.
You hit the bat.
You kill the bat!
No target in view!
c - a potion of curing You now have 71 gold pieces (gained 12).
You now have 78 gold pieces (gained 7).
A frilled lizard comes into view.
Are you sure you want to abandon this character and quit the game? (Confirm with "yes".)

..#.### #.#.... #...#+##
### .......# ..#
.<.....# #.# #######
#......# #.# .......
.......#######.##.......
.......>................
...####.........@.......
#+#####.#########......l
........................
..######.##########.....
..# #.# ..... ..# #.#
.... ..######.### ...
#.....##...# ...
#.###...##+#######


You could see a frilled lizard (sleeping).

Vanquished Creatures
  An adder (D:2)
  A worm (D:2)
  2 giant cockroaches (D:2)
  2 goblins
  3 hobgoblins
  A bat (D:2)
10 creatures vanquished.

Notes
Turn   | Place    | Note
-------+----------+-------------------------------------------
     0 | D:1      | NinjaNoafa the Halfling Skald began the quest for the Orb.
     0 | D:1      | Reached XP level 1. HP: 14/14 MP: 3/3
  2828 | D:2      | Reached XP level 2. HP: 16/19 MP: 1/4
  2861 | D:2      | Reached skill level 4 in Charms
  3336 | D:2      | Reached XP level 3. HP: 23/24 MP: 0/5
  3383 | D:2      | Quit the game

Levels and vault maps discovered:
D:1:      co_arrival_random_square_maze, layout_loops_ring, serial_glass,
          glass_columns_c, glass_columns_c
D:2:      layout_basic, marbit_many_paths,
          wander_ebering_terrifying_dragon_lair, uniq_jessica

Skill      XL: |  1  2 |
---------------+-------+-----
Charms         | 4 |  4.5
Fighting       | |  1.7
Short Blades   | |  2.4
Armour         | |  1.1
Dodging        | |  2.1
Spellcasting   | |  1.5

Action                   || total
-------------------------++-------
Melee: Short sword       ||    45
 Cast: Infusion          ||     6
  Use: Potion            ||     3
       Scroll            ||     1
 Stab: Sleeping          ||     1
  Eat: Ration            ||     2
Armor: Leather armour    ||    14
Dodge: Dodged            ||    40
